 Dungeon Crawl Stone Soup version 0.31-a0-188-g5e087ee2ca (webtiles) character file.

Game seed: 17439182661577956824

336 qw the Skirmisher (level 6, -3/35 HPs)
             Began as a Deep Elf Hunter on June 22, 2023.
             Slain by a scorpion (5 damage)
             ... on level 4 of the Dungeon.
             The game lasted 00:00:56 (2599 turns).

qw the Skirmisher (Deep Elf Hunter)                 Turns: 2599, Time: 00:00:56

Health: -3/35      AC:  4    Str: 10    XL:     6   Next: 28%
Magic:  8/8        EV: 13    Int: 14    God:
Gold:   77         SH:  0    Dex: 18    Spells: 5/5 levels left

rFire   . . .        Y - +2 shortbow
rCold   . . .        (shield currently unavailable)
rNeg    . . .        c - +0 leather armour
rPois   .            (no helmet)
rElec   .            (no cloak)
rCorr   .            l - +0 pair of gloves
SInv    .            (no boots)
Will    .....        (no amulet)
Stlth   ++           (no ring)
HPRegen 0.25/turn    (no ring)
MPRegen 0.11/turn

%: no passive effects
@: lethally poisoned (-3 -> -4)
A: no striking features
a: no special abilities


You were on level 4 of the Dungeon.
You visited 1 branch of the dungeon, and saw 4 of its levels.

You collected 117 gold pieces.
You spent 40 gold pieces at shops.


   Skills:
 - Level 2.0 Fighting
 + Level 9.5 Ranged Weapons
 - Level 3.3 Dodging
 - Level 1.2 Stealth


You had 5 spell levels left.
You didn't know any spells.
Your spell library was empty.

Inventory:

Hand Weapons
 Y - a +2 shortbow (weapon)
Armour
 a - a +0 ring mail
 c - a +0 leather armour (worn)
 l - a +0 pair of gloves (worn)
Jewellery
 g - a ring of fire
Potions
 b - a potion of magic {unknown}
 d - a potion of invisibility {unknown}
 e - a potion of resistance
 f - a potion of might
 h - 2 potions of curing {unknown}

Dungeon Overview and Level Annotations

Branches:
Dungeon (4/15)
 Temple: D:4-7

Altars:

Shops:
D:1 ?   D:2 =!(!*   D:3 =


Message History

You kill the ball python!
You see here a ball python corpse.
A scorpion comes into view.
Enter note:
Enter note:
Enter note:
Enter note: You shoot an arrow.
The arrow hits the scorpion.
The scorpion is lightly wounded.
You shoot an arrow.
The arrow hits the scorpion but does no damage.
The scorpion is lightly wounded.
You shoot an arrow.
The arrow completely misses the scorpion.
You shoot an arrow. The arrow closely misses the scorpion.
The scorpion stings you.
You shoot an arrow.
The arrow hits the scorpion but does no damage.
The scorpion is lightly wounded.
The scorpion stings you.
You are poisoned.
The scorpion poisons you!
You shoot an arrow. The arrow closely misses the scorpion.
You feel sick. The scorpion barely misses you.
You shoot an arrow. The arrow closely misses the scorpion.
You feel sick. The scorpion stings you.
You shoot an arrow.
The arrow completely misses the scorpion.
You feel sick. The scorpion misses you. The scorpion closely misses you.
You shoot an arrow. The arrow hits the scorpion.
The scorpion is moderately wounded.
You feel sick. The scorpion stings you!
You shoot an arrow. The arrow hits the scorpion.
The scorpion is moderately wounded.
You feel sick. The scorpion stings you!
You shoot an arrow.
The arrow hits the scorpion but does no damage.
The scorpion is moderately wounded.
You feel sick. The scorpion stings you.
You die...

##. #. ### ## ..##
## #.. .. #.#
##.###.############
#........%........#
##...@.........##.#
##..s########%##.#
##.## #.##.#### #.
#.##..... #.
#.####### #. #.##
.. #..# #.
########.##
..........#


You could see a scorpion.

Vanquished Creatures
  Sigmund (D:2)
  A howler monkey (D:2)
  A hound (D:4)
  An iguana (D:4)
  A gnoll (D:1)
  2 adders
  A worm (D:1)
  3 dart slugs
  6 ball pythons
  4 endoplasms
  3 giant cockroaches
  A goblin (D:3)
  6 hobgoblins
  6 jackals (D:1)
  A quokka (D:4)
  A bat (D:1)
  8 kobolds
  7 rats
54 creatures vanquished.

Notes
Turn   | Place    | Note
-------+----------+-------------------------------------------
     0 | D:1      | qw the Deep Elf Hunter began the quest for the Orb.
     0 | D:1      | Reached XP level 1. HP: 12/12 MP: 3/3
     0 | D:1      | 0 ||| qw: Version: 0.3-a-9-g12657ce
     0 | D:1      | 0 ||| qw: Game counter: 3036
     0 | D:1      | 0 ||| qw: Always use a shield: true
     0 | D:1      | 0 ||| qw: God list: Okawaru
     0 | D:1      | 0 ||| qw: Allow faded altars: false
     0 | D:1      | 0 ||| qw: Do Orc after D:15 true
     0 | D:1      | 0 ||| qw: Do second Lair branch before Depths: true
     0 | D:1      | 0 ||| qw: Lair rune preference: random
     0 | D:1      | 0 ||| qw: Plans: Normal
     0 | D:1      | 0 ||| PLANNING D:1-11
    26 | D:1      | Reached skill level 6 in Ranged Weapons
    26 | D:1      | Reached XP level 2. HP: 16/16 MP: 4/4
   103 | D:1      | Found Gyoxumyka's Magic Scroll Shoppe.
   110 | D:1      | 110 ||| SHOPLISTING scroll of brand weapon (114 gold, have
                  | 0).
   110 | D:1      | 110 ||| SHOPLISTING scroll of enchant armour (90 gold, have
                  | 0).
   110 | D:1      | 110 ||| SHOPLISTING scroll of identify (24 gold, have 0).
   110 | D:1      | 110 ||| SHOPLISTING scroll of teleportation (36 gold, have
                  | 0).
   282 | D:1      | Reached XP level 3. HP: 20/20 MP: 5/5
   637 | D:1      | 637 ||| DROPPING scroll of butterflies.
   694 | D:2      | Found Derchej's Assorted Antiques.
   698 | D:2      | 698 ||| SHOPLISTING cyan potion (22 gold, have 7).
   698 | D:2      | 698 ||| SHOPLISTING glowing garnet ring (125 gold, have 7).
   698 | D:2      | 698 ||| SHOPLISTING scroll labelled LIOWKI HEHAJUV (25
                  | gold, have 7).
   698 | D:2      | 698 ||| SHOPLISTING scroll labelled MOUHOM ESMUOM (25 gold,
                  | have 7).
   698 | D:2      | 698 ||| SHOPLISTING scroll labelled VELAKE QEFFEBA (25
                  | gold, have 7).
   708 | D:2      | Found Velaj's Distillery.
   721 | D:2      | 721 ||| SHOPLISTING potion of curing (33 gold, have 7).
   721 | D:2      | 721 ||| SHOPLISTING potion of enlightenment (55 gold, have
                  | 7).
   721 | D:2      | 721 ||| SHOPLISTING potion of heal wounds (55 gold, have
                  | 7).
   721 | D:2      | 721 ||| SHOPLISTING potion of might (44 gold, have 7).
   734 | D:2      | HP: 5/20 [howler monkey (6)]
   736 | D:2      | Reached skill level 7 in Ranged Weapons
   736 | D:2      | Reached XP level 4. HP: 6/25 MP: 6/6
   737 | D:2      | 737 ||| FLEEEEING.
   738 | D:2      | 738 ||| STAIRDANCE
   822 | D:2      | 822 ||| STAIRDANCE
   847 | D:2      | 847 ||| STAIRDANCE
   924 | D:2      | Found Jyesemyu's Weapon Boutique.
  1094 | D:2      | Found Emeolysch's Distillery.
  1104 | D:2      | 1104 ||| SHOPLISTING 2 potions of curing (60 gold, have
                  | 41).
  1104 | D:2      | 1104 ||| SHOPLISTING potion of enlightenment (50 gold, have
                  | 41).
  1104 | D:2      | 1104 ||| BUYING potion of might (40 gold).
  1104 | D:2      | Bought a potion of might for 40 gold pieces
  1197 | D:2      | Noticed Sigmund
  1212 | D:2      | Killed Sigmund
  1213 | D:2      | Reached skill level 9 in Ranged Weapons
  1213 | D:2      | Reached XP level 5. HP: 20/29 MP: 7/7
  1384 | D:2      | Found Huregh's Jewellery Shop.
  1393 | D:2      | 1393 ||| SHOPLISTING +6 ring of dexterity (468 gold, have
                  | 37).
  1393 | D:2      | 1393 ||| SHOPLISTING ring "Qiaf" {Fly rCorr Int+3} (473
                  | gold, have 37).
  1393 | D:2      | 1393 ||| SHOPLISTING ring of positive energy (260 gold,
                  | have 37).
  1393 | D:2      | 1393 ||| SHOPLISTING ring of resist corrosion (260 gold,
                  | have 37).
  1393 | D:2      | 1393 ||| SHOPLISTING ring of see invisible (195 gold, have
                  | 37).
  1556 | D:2      | 1556 ||| READING 2 scrolls labelled WUTOQI YPINE.
  1557 | D:2      | 1557 ||| READING scroll labelled KAFAUCZ DUHEST.
  1558 | D:2      | 1558 ||| DRINKING 2 fizzy purple potions.
  1559 | D:2      | 1559 ||| DROPPING scroll of vulnerability.
  1560 | D:2      | 1560 ||| DROPPING potion of attraction.
  1580 | D:3      | Found a faded altar of an unknown god.
  1833 | D:3      | Identified the +1 dagger "Saefew" {heavy, Str-4 Dex+2
                  | Stlth+}
  2033 | D:3      | Found Hoarucig's Jewellery Shoppe.
  2100 | D:3      | 2100 ||| SHOPLISTING +4 ring of protection (360 gold, have
                  | 72).
  2100 | D:3      | 2100 ||| SHOPLISTING +6 ring of dexterity (360 gold, have
                  | 72).
  2100 | D:3      | 2100 ||| SHOPLISTING amulet of the acrobat (300 gold, have
                  | 72).
  2100 | D:3      | 2100 ||| SHOPLISTING ring of positive energy (200 gold,
                  | have 72).
  2100 | D:3      | 2100 ||| SHOPLISTING ring of protection from cold (250
                  | gold, have 72).
  2100 | D:3      | 2100 ||| SHOPLISTING ring of protection from fire (250
                  | gold, have 72).
  2179 | D:3      | 2179 ||| UPGRADING to +0 pair of gloves.
  2184 | D:3      | 2184 ||| READING scroll labelled YHEIFU JUFOF.
  2185 | D:3      | 2185 ||| READING scroll labelled JOSSOL ZIZEQU.
  2186 | D:3      | 2186 ||| READING scroll labelled NUGUGIH LALU.
  2187 | D:3      | 2187 ||| READING 3 scrolls labelled WASALA RIFECA.
  2188 | D:3      | 2188 ||| READING scroll labelled LIOWKI HEHAJUV.
  2189 | D:3      | 2189 ||| DRINKING 2 golden potions.
  2190 | D:3      | 2190 ||| DROPPING 2 scrolls of amnesia.
  2224 | D:4      | 2224 ||| READING scroll of enchant weapon.
  2224 | D:4      | 2224 ||| ENCHANTING +1 shortbow.
  2239 | D:4      | Reached XP level 6. HP: 34/34 MP: 8/8
  2276 | D:4      | Reached skill level 3 in Dodging
  2598 | D:4      | HP: 3/35 [scorpion (7)]
  2599 | D:4      | Slain by a scorpion

Levels and vault maps discovered:
D:1:      amcnicky_arrival_abandoned_market, layout_basic, serial_shops, shop
D:2:      layout_basic, serial_shops, shop, nicolae_shop_statue_plus,
          nicolae_shop_pleasant_corner_grove, nicolae_lakefront_shop, shop,
          uniq_sigmund
D:3:      layout_loops_cross, serial_shops, nicolae_shop_window_shopping,
          nicolae_ecumenical_pavilion
D:4:      layout_loops_ring

Skill      XL: |  1  2  3  4  5  6 |
---------------+-------------------+-----
Ranged Weapons | 6 7 9 |  9.5
Dodging        | 3 |  3.3
Fighting       | 2 |  2.0
Stealth        | |  1.2

Action                     |  1- 3 |  4- 6 || total
---------------------------+-------+-------++-------
   Fire: Shortbow          |    77 |   118 ||   195
    Use: Scroll            |       |     8 ||     8
         Potion            |       |     2 ||     2
 Armour: Leather armour    |     4 |     5 ||     9
  Dodge: Dodged            |    27 |    17 ||    44

Table legend:
 A = Non-vault XP
 B = Vault XP
 C = Vault XP percentage of total XP
 D = Non-vault monster count
 E = Vault monster count
 F = Vault count percentage of total count
                 A         B        C        D         E       F
            +---------+---------+-------+---------+---------+-------
      Total |     258 |     223 |  46.4 |      53 |       1 |   1.9
            +---------+---------+-------+---------+---------+-------
        D:1 |      52 |       0 |   0.0 |      22 |       0 |   0.0
        D:2 |      80 |     223 |  73.6 |      13 |       1 |   7.1
        D:3 |      18 |       0 |   0.0 |       5 |       0 |   0.0
        D:4 |     108 |       0 |   0.0 |      13 |       0 |   0.0
            +---------+---------+-------+---------+---------+-------
